 Dungeon Crawl Stone Soup version 0.25.0-46-gbd7b0854d2 (webtiles) character file.

Game seed: 8916178802510601490

101364 ANON1729 the Basher (level 15, -2/159 HPs)
             Began as a Troll Gladiator on July 13, 2020.
             Was the Champion of Jiyva.
             Slain by a sun demon (18 damage)
             ... summoned by an orc high priest
             ... on level 2 of the Orcish Mines.
             The game lasted 01:16:22 (26291 turns).

ANON1729 the Basher (Troll Gladiator)              Turns: 26291, Time: 01:16:22

Health: -2/159     AC: 25    Str: 24    XL:     15   Next: 83%
Magic:  12/14      EV: 14    Int: 10    God:    Jiyva [******]
Gold:   1813       SH:  5    Dex: 16    Spells: 14/14 levels left

rFire    . . .     SeeInvis .   a - +2 flail (vorpal)
rCold    + . .     Gourm    +   (no shield)
rNeg     . . .     Faith    .   M - +3 ice dragon scales of Rapaint {Harm rF- rC++ Str+4}
rPois    .         Spirit   .   c - +0 hat
rElec    .         Reflect  +   (no cloak)
rCorr    +         Harm     +   (gloves unavailable)
MR       +....                  (boots unavailable)
Stlth    ..........             C - amulet of reflection
HPRegen  0.76/turn              e - ring of fire
MPRegen  0.14/turn              v - +4 ring of protection

@: no status effects
A: large, unfitting armour, claws 3, hooves 1, icy blue scales 1, fast
metabolism 3, gourmand, regeneration 1, shaggy fur 1, tough skin 3, translucent
skin 1
a: Request Jelly, Slimify, Cure Bad Mutation, Renounce Religion


You were on level 2 of the Orcish Mines.
You worshipped Jiyva.
Jiyva was exalted by your worship.
You were very full.

You visited 4 branches of the dungeon, and saw 24 of its levels.
You also visited: Sewer, Ossuary and Gauntlet.

You collected 1813 gold pieces.

Inventory:

Hand Weapons
 a - a +2 vorpal flail (weapon)
 b - a +2 flail of venom
 p - a +3 flail of distortion
Missiles
 d - a throwing net
 l - 17 silver javelins
 K - 4 large rocks (quivered)
 T - 8 curare-tipped darts
Armour
 c - a +0 hat (worn)
 M - the +3 ice dragon scales of Rapaint (worn) {Harm rF- rC++ Str+4}
   (You found it on level 8 of the Dungeon)

   It affects your strength (+4).
   It makes you vulnerable to fire.
   It greatly protects you from cold.
   It increases damage dealt and taken.
Jewellery
 e - a ring of fire (left claw)
 g - a +6 ring of dexterity
 v - a +4 ring of protection (right claw)
 z - an uncursed amulet of regeneration
 C - an amulet of reflection (around neck)
 E - an uncursed ring of flight
 H - an uncursed amulet of the acrobat
 J - a +4 ring of evasion
Wands
 G - a wand of iceblast (13)
 Q - a wand of digging (10)
Scrolls
 i - 18 scrolls of identify
 k - a scroll of enchant weapon
 o - 2 scrolls of remove curse
 y - a scroll of brand weapon {unknown}
 A - a scroll of random uselessness
 B - a scroll of holy word
 N - a scroll of blinking {unknown}
 U - 3 scrolls of fear
 V - a scroll of torment {unknown}
 X - a scroll of silence {unknown}
Potions
 h - 12 potions of curing
 j - 5 potions of flight
 m - a potion of experience {unknown}
 n - a potion of ambrosia {unknown}
 r - 3 potions of might {unknown}
 t - 3 potions of stabbing {unknown}
 u - 6 potions of degeneration {unknown}
 x - a potion of resistance {unknown}
 D - 3 potions of mutation {unknown}
 F - 5 potions of haste {unknown}
 I - 4 potions of brilliance
 L - 3 potions of magic {unknown}
 R - 2 potions of berserk rage {unknown}
 W - 2 potions of lignification {unknown}
 Z - a potion of cancellation {unknown}
Miscellaneous
 s - a lightning rod (4/4)
 w - a phantom mirror
 S - a box of beasts
Comestibles
 f - 44 rations


   Skills:
 * Level 13.1 Fighting
 * Level 14.2 Maces & Flails
 - Level 10.0 Throwing
 * Level 8.7 Armour
 - Level 10.4 Dodging


You had 14 spell levels left.
You didn't know any spells.
Your spell library contained the following spells:

 Spells                   Type           Power        Failure   Level  Hunger
 Animate Skeleton         Necr           N/A          67%         1    ##.....
 Apportation              Tloc           #.....       67%         1    ##.....
 Corona                   Hex            #......      67%         1    ##.....
 Magic Dart               Conj           #...         67%         1    ##.....
 Shock                    Conj/Air       #...         67%         1    ##.....
 Sting                    Tmut/Pois      #...         67%         1    ##.....
 Summon Small Mammal      Summ           #...         67%         1    ##.....
 Passwall                 Tmut/Erth      #.......     82%         2    ###....
 Poisonous Vapours        Pois/Air       #.....       82%         2    ###....
 Searing Ray              Conj           #.....       82%         2    ###....
 Shroud of Golubria       Chrm/Tloc      #.....       82%         2    ###....
 Swiftness                Chrm/Air       #.......     82%         2    ###....
 Dazzling Flash           Conj/Hex       #.....       96%         3    ####...
 Ignite Poison            Fire/Tmut/Pois #.......     96%         3    ####...
 Mephitic Cloud           Conj/Pois/Air  #.......     96%         3    ####...
 Static Discharge         Conj/Air       #.......     96%         3    ####...
 Airstrike                Air            #.........   100%        4    #####..
 Fulminant Prism          Conj/Hex       #.........   100%        4    #####..
 Iskenderun's Mystic Bla  Conj/Tloc      #.......     100%        4    #####..
 Olgreb's Toxic Radiance  Pois           #.......     100%        4    #####..
 Passage of Golubria      Tloc           N/A          100%        4    #####..
 Blade Hands              Tmut           #.........   100%        5    ######.
 Lightning Bolt           Conj/Air       #.........   100%        5    ######.
 Dispersal                Tloc           #.........   100%        6    #######


Dungeon Overview and Level Annotations

Branches:
Dungeon (15/15)            Temple (1/1) D:7            Lair (6/6) D:11
 Shoals (0/4) Lair:4       Spider (0/4) Lair:4        Slime (0/5) Lair:5
    Orc (2/2) D:12         Vaults (0/5) D:14         Depths (0/5) D:15
  Sewer (visited)         Ossuary (visited)         Gauntlet (visited)
    Elf: Orc:2

Altars:
Ashenzari
Cheibriados
Dithmenos
Elyvilon
Fedhas
Gozag
Hepliaklqana
Kikubaaqudgha
Makhleb
Nemelex Xobeh
Okawaru
Qazlal
Ru
Sif Muna
Trog
Uskayaw
Vehumet
Wu Jian
Xom
Yredelemnul
Zin
The Shining One
Beogh
Jiyva

Shops:
D:7 =   D:10 [   Orc:2 !%

Annotations:
D:8 exclusion: 2 doors
D:10 exclusion: downstairs


Innate Abilities, Weirdness & Mutations

You are too large for most types of armour.
You have claws for hands.
Your metabolism is lightning-fast.
You like to eat raw meat.
Your natural rate of healing is unusually fast.
You are covered in fur. (AC +1)
You have extremely tough skin. (AC +3)
You have large cloven feet.
You are partially covered in icy blue scales. (AC +2)
Your translucent skin slightly reduces your foes' accuracy. (Stealth)


Message History

The soul eater hits the acid blob.
The acid corrodes the soul eater!
The soul eater is burned by acid!
Unknown command.
The red devil hits something with a +1 demon trident of venom!!
The red devil is burned by acid!
The orc high priest mumbles some strange prayers to Beogh.
The orc warrior completely misses you.
The red devil hops backward while attacking.
The red devil hits something from afar with a +1 demon trident of venom.
The orc high priest mumbles some strange prayers to Beogh against you.
Beogh smites you!
* * * LOW HITPOINT WARNING * * *
Things that are here:
a +0 mace; a +0 plate armour You feel more attuned to fire.
e - a ring of fire (left claw)
The sun demon hits you!
* * * LOW HITPOINT WARNING * * *
You are engulfed in flames!
You die...

## ##..# #...#
##..###...# # ##...
....# # ##...4#o..#
# ##...#.443# #
##∩.#..4oJ#
#.....#..##
#∩.#....o##
#...#.[3@##
##....#...## #
##..[).)..# .
##))###...# .
##))###...#
....###..###...#
......###..###.#.#
........###..###...
.........###..###.


You could see an orc high priest (strong), a sun demon (summoned), a rust devil
(summoned), a red devil (summoned, corroded) and an orc warrior (strong).

Vanquished Creatures
  The ghost of Ykhunnid the Carver, a journeyman DsGl of Makhleb (D:15)
  Nessos (D:14)
  A minotaur (Gauntlet)
  A dire elephant (Lair:6)
  Snorg (D:12)
  An ogre mage (D:15)
  8 vault guards (D:14)
  6 hydras
  2 ice dragons (D:15)
  2 centaur warriors
  A death knight (D:13)
  2 catoblepae
  7 two-headed ogres
  A deep troll shaman (Lair:6)
  12 death yaks
  Urug (Lair:5)
  A tengu warrior (D:14)
  The ghost of ANON1729 the Cudgeler, a novice TrGl (Lair:4)
  A soul eater (Gauntlet)
  An orc high priest (Orc:1)
  Sonja (Lair:1)
  4 skeletal warriors (D:15)
  A sixfirhy (Orc:2)
  3 unseen horrors
  A phantasmal warrior (D:13)
  A lindwurm (Lair:6)
  2 wizards
  3 deep elf magi
  A manticore (D:14)
  An orc knight (Orc:2)
  An orc sorcerer (Orc:1)
  A cyclops (D:12)
  2 oklob plants
  8 ugly things
  Maurice (D:10)
  3 black mambas
  An ice statue (D:14)
  14 elephants
  3 gargoyles
  Maggie (D:7)
  A torpor snail (Lair:6)
  11 spiny frogs
  6 komodo dragons
  A rime drake (shapeshifter) (D:13)
  2 rime drakes
  An ice devil (Orc:1)
  A kobold demonologist (D:8)
  A red devil (Orc:2)
  2 jumping spiders (Lair:4)
  8 trolls
  2 polar bears (Lair:6)
  A harpy skeleton (D:15)
  Grinder (D:5)
  6 blink frogs
  12 hippogriffs
  A shadow (D:14)
  Sigmund (D:3)
  A water elemental (D:11)
  5 redbacks (Lair:4)
  3 wyverns
  3 wraiths
  63 yaks
  2 large abominations (Gauntlet)
  3 basilisks
  6 vampire mosquitoes
  4 hungry ghosts
  2 wargs
  Edmund (D:4)
  A soldier ant (D:8)
  4 acid dragons
  18 water moccasins
  6 porcupines
  Duvessa (D:7)
  3 ice beasts
  3 sky beasts
  4 black bears
  23 orc warriors
  A necrophage (D:6)
  3 phantoms
  14 ogres
  3 boggarts (D:14)
  17 wolves
  12 centaurs
  An elf zombie (Ossuary)
  3 big kobolds
  10 crocodiles
  30 bullfrogs
  Dowan (D:7)
  4 scorpions
  A wyvern skeleton (D:13)
  13 killer bees
  17 wights
  3 howler monkeys
  2 electric eels
  4 centaur zombies
  3 bullfrog zombies
  7 crimson imps
  10 hounds
  2 human zombies (Ossuary)
  18 orc wizards
  2 quasits
  26 orc priests
  4 centaur skeletons
  4 jellies
  3 bullfrog skeletons
  3 iguanas
  5 hell rats (Lair:4)
  12 worker ants
  4 small abominations (Gauntlet)
  A killer bee zombie (D:5)
  2 big kobold zombies (Ossuary)
  5 hound zombies
  3 mummies (Ossuary)
  3 worker ant zombies
  A howler monkey skeleton (D:6)
  A gnoll (D:1)
  19 adders
  2 river rats
  6 shadow imps
  A white imp (Gauntlet)
  An ooze (D:4)
  6 adder zombies (Ossuary)
  2 worms
  3 dart slugs
  5 leopard geckos
  87 orcs
  7 giant cockroaches
  14 goblins
  8 hobgoblins
  20 jackals
  6 quokkas
  4 ball pythons
  10 bats
  6 frilled lizards
  4 goblin zombies (Ossuary)
  A hobgoblin zombie (Ossuary)
  A jackal zombie (Ossuary)
  18 kobolds
  5 kobold zombies (Ossuary)
  2 orc zombies (Ossuary)
  2 quokka zombies (Ossuary)
  16 rats
  5 rat zombies (Ossuary)
  2 plants (Lair:3)
840 creatures vanquished.

Vanquished Creatures (collateral kills)
  A stone giant (Orc:1)
  An ugly thing (D:15)
  An orc (Orc:1)
3 creatures vanquished.

Vanquished Creatures (others)
  2 acid blobs (D:15)
  A centaur warrior (D:15)
  A two-headed ogre (D:15)
  A soul eater (Orc:2)
  An unseen horror (D:15)
  A skeletal warrior (D:15)
  A deep elf mage (D:14)
  An orc sorcerer (Orc:1)
  3 slime creatures (D:13)
  3 wraiths (D:13)
  A warg (Orc:1)
  A wolf (Lair:6)
  2 ogres
  2 bullfrogs (D:13)
  2 wights (D:13)
  A crimson imp (D:14)
  52 jellies
  A bullfrog skeleton (D:13)
  An iguana (D:13)
  A shadow imp (D:15)
  6 orcs
  A giant cockroach (D:8)
  9 fungi
  16 plants
  3 withered plants
114 creatures vanquished.

Grand Total: 957 creatures vanquished

Notes
Turn   | Place    | Note
-------+----------+-------------------------------------------
     0 | D:1      | ANON1729 the Troll Gladiator began the quest for the Orb.
     0 | D:1      | Reached XP level 1. HP: 19/19 MP: 0/0
   224 | D:1      | Reached XP level 2. HP: 26/28 MP: 1/1
   268 | D:1      | Reached skill level 3 in Maces & Flails
   478 | D:1      | Reached XP level 3. HP: 35/35 MP: 2/2
  1105 | D:2      | Reached XP level 4. HP: 42/42 MP: 3/3
  1194 | D:2      | Found a glowing golden altar of the Shining One.
  2078 | D:3      | Noticed an ogre
  2086 | D:3      | Killed an ogre
  2086 | D:3      | Reached XP level 5. HP: 47/50 MP: 4/4
  2744 | D:4      | Noticed Sigmund
  2825 | D:3      | Killed Sigmund
  2825 | D:3      | Reached skill level 4 in Maces & Flails
  2825 | D:3      | Reached XP level 6. HP: 35/61 MP: 5/5
  3241 | D:4      | Reached XP level 7. HP: 26/67 MP: 6/6
  3504 | D:4      | Found a shadowy altar of Dithmenos.
  3504 | D:4      | Found a hazy altar of Hepliaklqana.
  3505 | D:4      | Found a radiant altar of Vehumet.
  3777 | D:4      | Noticed Edmund
  3799 | D:4      | Killed Edmund
  4004 | D:5      | Entered Level 5 of the Dungeon
  4036 | D:5      | Found a sacrificial altar of Ru.
  4036 | D:5      | Noticed Grinder
  4050 | D:5      | Paralysed by Grinder for 5 turns
  4058 | D:5      | Killed Grinder
  4058 | D:5      | Reached skill level 5 in Maces & Flails
  4058 | D:5      | Reached XP level 8. HP: 63/78 MP: 7/7
  4388 | D:5      | Found a shimmering altar of Xom.
  4416 | D:5      | Reached skill level 5 in Throwing
  4650 | D:5      | Found a glowing drain.
  4670 | Sewer    | Entered a sewer
  4679 | Sewer    | Reached skill level 5 in Dodging
  4827 | Sewer    | Found a white marble altar of Elyvilon.
  5513 | D:6      | Reached skill level 5 in Fighting
  5679 | D:6      | Found an ornate altar of the Wu Jian Council.
  5688 | D:6      | Reached XP level 9. HP: 59/88 MP: 8/8
  5804 | D:6      | Reached skill level 6 in Maces & Flails
  5862 | D:6      | Found a hide-covered altar of Uskayaw.
  6073 | D:6      | Found a sparkling altar of Nemelex Xobeh.
  6074 | D:6      | Found an iron altar of Okawaru.
  6203 | D:7      | Noticed a two-headed ogre
  6261 | D:7      | Found Ginaruq's Jewellery Emporium.
  6372 | D:7      | Noticed Dowan
  6380 | D:7      | Noticed Duvessa
  6723 | D:7      | Killed Duvessa
  6776 | D:7      | Killed Dowan
  6862 | D:7      | Found a shattered altar of Ashenzari.
  6906 | D:7      | Found a staircase to the Ecumenical Temple.
  6906 | D:7      | Noticed Maggie
  6923 | D:7      | Killed Maggie
  6990 | Temple   | Entered the Ecumenical Temple
  7230 | D:7      | Reached skill level 7 in Maces & Flails
  7314 | D:8      | Found a sand-covered staircase.
  7339 | Ossuary  | Entered an ossuary
  7608 | Ossuary  | Reached XP level 10. HP: 98/98 MP: 9/9
  7844 | D:8      | Noticed an orange demon
  8168 | D:8      | Killed an unseen horror
  8250 | D:8      | Identified the Almanac of Toxins and Transmigration
  8404 | D:8      | Reached skill level 8 in Maces & Flails
  8646 | D:8      | Found an opulent altar of Gozag.
  8646 | D:8      | Found a sacrificial altar of Ru.
  8648 | D:8      | Found a shimmering blue altar of Sif Muna.
  8648 | D:8      | Found a basalt altar of Yredelemnul.
  8834 | D:8      | Got crude ice dragon scales
  8845 | D:8      | Identified the +3 ice dragon scales of Rapaint {Harm rF-
                  | rC++ Str+4} (You found it on level 8 of the Dungeon)
  9129 | D:9      | Found a burning altar of Makhleb.
  9196 | D:9      | Noticed a two-headed ogre
  9204 | D:9      | Killed a two-headed ogre
  9204 | D:9      | Reached XP level 11. HP: 91/109 MP: 10/10
  9551 | D:10     | Entered Level 10 of the Dungeon
  9921 | D:10     | Found Wulomaitz's Armour Shop.
 10054 | D:10     | Noticed Maurice
 10114 | D:10     | Killed Maurice
 10428 | D:10     | Found a hide-covered altar of Uskayaw.
 10428 | D:10     | Noticed a deep elf mage
 10437 | D:10     | Killed a deep elf mage
 10437 | D:10     | Reached skill level 9 in Maces & Flails
 11071 | D:11     | Noticed a cyan ugly thing
 11089 | D:11     | Killed a cyan ugly thing
 11758 | D:11     | Noticed a seven-headed hydra
 11943 | D:11     | Found a staircase to the Lair.
 12106 | Lair:1   | Entered Level 1 of the Lair of Beasts
 12133 | Lair:1   | Noticed a five-headed hydra
 12426 | Lair:1   | Reached XP level 12. HP: 122/122 MP: 11/11
 12575 | Lair:1   | Noticed Sonja
 12631 | Lair:1   | Killed Sonja
 12635 | Lair:1   | Killed a five-headed hydra
 12776 | Lair:1   | Reached skill level 1 in Armour
 12857 | Lair:1   | You fall into a shaft and drop 1 floor!
 12900 | Lair:2   | Reached skill level 10 in Maces & Flails
 12966 | Lair:2   | Noticed a six-headed hydra
 12982 | Lair:2   | Killed a six-headed hydra
 13222 | Lair:2   | Noticed a seven-headed hydra
 13235 | Lair:2   | Killed a seven-headed hydra
 14323 | Lair:3   | Reached skill level 10 in Throwing
 15038 | Lair:4   | Found a runed translucent door.
 15047 | Lair:4   | Noticed ANON1729's ghost (novice TrGl)
 15089 | Lair:4   | Reached XP level 13. HP: 128/132 MP: 12/12
 15399 | Lair:4   | Reached skill level 11 in Maces & Flails
 15410 | Lair:4   | Reached skill level 10 in Fighting
 15469 | Lair:4   | Found a staircase to the Shoals.
 15609 | Lair:4   | Found a hole to the Spider Nest.
 16488 | Lair:5   | Noticed Urug
 16530 | Lair:5   | Killed Urug
 16840 | Lair:5   | Found a viscous altar of Jiyva.
 16843 | Lair:5   | Found a staircase to the Slime Pits.
 16853 | Lair:5   | Became a worshipper of Jiyva Janoviop the Shapeless
 17197 | Lair:5   | Reached * piety under Jiyva
 17676 | Lair:6   | Entered Level 6 of the Lair of Beasts
 17844 | Lair:6   | Reached skill level 10 in Dodging
 17968 | Lair:5   | Reached ** piety under Jiyva
 18277 | Lair:5   | Reached *** piety under Jiyva
 18408 | Lair:6   | Reached skill level 12 in Maces & Flails
 18586 | Lair:6   | Reached XP level 14. HP: 132/146 MP: 13/13
 18844 | Lair:6   | Reached **** piety under Jiyva
 18845 | Lair:6   | Reached skill level 5 in Armour
 19203 | Lair:6   | Gained mutation: Your system is resistant to poisons.
                  | (rPois) [Jiyva's grace]
 19595 | Lair:4   | Killed ANON1729's ghost
 20326 | D:12     | Noticed Snorg
 20339 | D:12     | Killed Snorg
 20611 | D:12     | Reached ***** piety under Jiyva
 20638 | D:12     | Lost mutation: Your system is resistant to poisons. (rPois)
                  | [Jiyva's grace]
 20657 | D:12     | Found a staircase to the Orcish Mines.
 20869 | D:12     | Identified the Incunabulum of Displacement
 20891 | D:9      | Gained mutation: Armour fits poorly on your pseudopods.
                  | [Jiyva's grace]
 21353 | D:13     | Gained mutation: You are robust. (+10% HP) [Jiyva's grace]
 21385 | D:13     | Found a sparkling altar of Nemelex Xobeh.
 21427 | D:13     | Reached skill level 13 in Maces & Flails
 21501 | D:13     | Reached ****** piety under Jiyva
 21588 | D:13     | Gained mutation: You are agile. (Dex +2) [Jiyva's grace]
 21996 | D:14     | Noticed Nessos
 22124 | D:14     | Found a gate leading to a gauntlet.
 22161 | Gauntlet | Entered a Gauntlet
 22161 | Gauntlet | Found a transporter.
 22171 | Gauntlet | Found a transporter.
 22172 | Gauntlet | Found a transporter.
 22180 | Gauntlet | Found a transporter.
 22184 | Gauntlet | Found a transporter.
 22195 | Gauntlet | Found a transporter.
 22196 | Gauntlet | Found a transporter.
 22200 | Gauntlet | Found a runed translucent door.
 22200 | Gauntlet | Found a runed translucent door.
 22204 | Gauntlet | Found a transporter.
 22208 | Gauntlet | Found a transporter.
 22216 | Gauntlet | Found a transporter.
 22239 | Gauntlet | Found a transporter.
 22251 | Gauntlet | Found a transporter.
 22263 | Gauntlet | Found a transporter.
 22275 | Gauntlet | Found a transporter.
 22578 | Gauntlet | Reached XP level 15. HP: 45/172 MP: 14/14
 22877 | D:14     | Lost mutation: You are robust. (+10% HP) [Jiyva's grace]
 23007 | D:14     | Killed Nessos
 23016 | D:14     | Lost mutation: You are agile. (Dex +2) [Jiyva's grace]
 23025 | D:14     | Found a gate to the Vaults.
 23296 | D:14     | Gained mutation: You occasionally shout uncontrollably at
                  | your foes. [Jiyva's grace]
 23410 | D:14     | Gained mutation: You are partially covered in molten
                  | scales. (AC +2) [Jiyva's grace]
 23541 | D:15     | Entered Level 15 of the Dungeon
 23558 | D:15     | Found a runed translucent door.
 23558 | D:15     | Noticed Ykhunnid's ghost (journeyman DsGl)
 23623 | D:15     | Noticed an acid blob
 23623 | D:15     | a red ugly thing changed into an acid blob
 23625 | D:15     | Killed an acid blob
 23741 | D:14     | Gained mutation: You have large cloven feet. [Jiyva's
                  | grace]
 23841 | D:15     | Killed Ykhunnid's ghost
 23984 | D:15     | Lost mutation: You occasionally shout uncontrollably at
                  | your foes. [Jiyva's grace]
 24237 | D:15     | Noticed Jorgrun
 24246 | D:15     | Slimified Jorgrun
 24246 | D:15     | Noticed Jorgrun
 24246 | D:15     | Jorgrun changed into Jorgrun the acid blob
 24261 | D:15     | Killed Jorgrun the acid blob
 24498 | D:15     | Reached skill level 14 in Maces & Flails
 24516 | D:15     | Found a staircase to the Depths.
 24947 | D:14     | Lost mutation: Armour fits poorly on your pseudopods.
                  | [Jiyva's grace]
 24978 | Orc:1    | Entered Level 1 of the Orcish Mines
 25150 | Orc:1    | Found a roughly hewn altar of Beogh.
 25262 | Orc:2    | Entered Level 2 of the Orcish Mines
 25583 | Orc:2    | Noticed Rupert
 25614 | Orc:2    | Slimified Rupert
 25614 | Orc:2    | Noticed Rupert
 25614 | Orc:2    | Rupert changed into Rupert the azure jelly
 25615 | Orc:2    | Lost mutation: You are partially covered in molten scales.
                  | (AC +2) [Jiyva's grace]
 25637 | Orc:2    | Gained mutation: Your translucent skin slightly reduces
                  | your foes' accuracy. (Stealth) [Jiyva's grace]
 25872 | Orc:1    | Gained mutation: You have a pair of small antennae on your
                  | head. [Jiyva's grace]
 25878 | Orc:1    | Lost mutation: You have a pair of small antennae on your
                  | head. [Jiyva's grace]
 25882 | Orc:1    | Gained mutation: You are partially covered in icy blue
                  | scales. (AC +2) [Jiyva's grace]
 26242 | Orc:2    | Found Pashoab's Food Shoppe.
 26246 | Orc:2    | Found Tahutas's Distillery.
 26287 | Orc:2    | Noticed an acid blob
 26287 | Orc:2    | an orc high priest changed into an acid blob
 26291 | Orc:2    | Slain by a sun demon

Illustrated notes

Levels and vault maps discovered:
D:1:      tarquinn_simple_flora_water_e, layout_loops_corners
D:2:      layout_loops_corners, tso_metal_star, first_ration
D:3:      layout_basic
D:4:      layout_gridville, gammafunk_temple_overflow_claw, uniq_edmund,
          uniq_sigmund
D:5:      layout_loops_cross, nicolae_ru_great_annihilating_truth,
          xom_teletrap_fun, gup_sewer_entry_bubbles, uniq_grinder
D:6:      layout_rooms, gammafunk_temple_overflow_pools,
          eat_drink_and_be_merry_uskayaw, lemuel_doored_altar, glass_columns_a,
          kennysheep_generic_room_6
D:7:      layout_rooms, nicolae_ashenzari_panopticon, temple_green,
          serial_shops, shop, kennysheep_mini_moat, supply_closet_lemuel,
          grunt_livestock, minmay_crystal_room, fedhas_altar_4, uniq_maggie,
          uniq_duvessa
D:8:      minmay_the_grid_octo_tiled_octocenter [minmay_the_grid_octo_shrine,
          minmay_the_grid_octo_fat_diamond, minmay_the_grid_octo_toaster,
          minmay_the_grid_octo_pinwheel, minmay_the_grid_octo_prize_star,
          minmay_the_grid_square_5x5_empty, minmay_the_grid_square_5x5_empty,
          minmay_the_grid_square_5x5_hourglass,
          minmay_the_grid_square_5x5_broken_cross], layout_basic,
          enter_ossuary_3
D:9:      layout_roguey, bloody_makhleb, serial_curves, eino_curves_01,
          eino_curves_03, eino_curves_01
D:10:     layout_stronghold, serial_shops, shop, statue_in_the_mist_lemuel,
          david_defended_altar_elf, uniq_maurice
D:11:     layout_gridville, erik_lair_island
D:12:     layout_gridville, orc_0_dummy, chequers_garden, billiards_dpeg,
          uniq_snorg
D:13:     layout_layer_cave, nemelex_xobeh_ov_fountains_minmay
D:14:     layout_rooms, erik_vaults_2, gauntlet_entry_generic, chequers_avenue,
          minivault_15, uniq_nessos
D:15:     grunt_enter_depths_hoard, layout_stronghold,
          hangedman_abyss_or_decor_slice, gammafunk_ghost_grave, uniq_jorgrun
Temple:   zaba_magenta_temple
Lair:1:   layout_roguey, st_stairs_10, uniq_sonja
Lair:2:   layout_concentric_octagons, serial_bayou_shore_a
Lair:3:   layout_regular_city, serial_bayou_shore_b, grunt_megastairs_1
Lair:4:   layout_cave_pods, minmay_shoals_entry_centaurs,
          nicolae_spider_entry_tight_spaces, gammafunk_ghost_grave
Lair:5:   layout_layer_cave, slime_altar_1, lemuel_fruit_tree, uniq_urug
Lair:6:   grunt_lair_end_beastmaster, layout_cave_pods
Orc:1:    layout_caves, kennysheep_orc_chapel
Orc:2:    pf_orc_diabolical, layout_diamond_mine, uniq_rupert

Skill      XL: |  1  2  3  4  5  6  7  8  9 10 11 12 13 14 15 |
---------------+----------------------------------------------+-----
Throwing       | 2 3 4 5 6 8 9 10 | 10.0
Maces & Flails | 3 4 5 7 8 9 10 12 13 14 | 14.2
Fighting       | 2 3 4 5 6 7 8 9 11 12 13 | 13.1
Dodging        | 3 4 5 6 7 8 9 10 | 10.4
Armour         | 2 4 6 8 |  8.7

Action                   |  1- 3 |  4- 6 |  7- 9 | 10-12 | 13-15 || total
-------------------------+-------+-------+-------+-------+-------++-------
Melee: Flail             |   127 |   221 |   601 |  1014 |  1711 ||  3674
       Pseudopods        |       |       |       |       |   256 ||   256
       Kick              |       |       |       |       |   194 ||   194
Throw: Throwing net      |       |       |       |       |     2 ||     2
       Large rock        |       |       |       |       |     2 ||     2
Invok: Request Jelly     |       |       |       |       |     2 ||     2
       Slimify           |       |       |       |       |     5 ||     5
Evoke: Wand              |       |       |     1 |    17 |     3 ||    21
       Box of beasts     |       |       |       |       |     2 ||     2
       Phantom mirror    |       |       |       |       |     1 ||     1
  Use: Scroll            |     2 |       |     9 |     2 |     6 ||    19
       Potion            |       |       |     1 |       |     9 ||    10
 Stab: Sleeping          |     2 |       |       |       |       ||     2
       Paralysed         |       |       |     5 |     6 |       ||    11
       Petrified         |       |       |       |       |     3 ||     3
  Eat: Chunk             |    16 |    19 |    41 |    89 |    63 ||   228
Armor: Robe              |    56 |    65 |   196 |       |       ||   317
       Acid dragon scale |       |       |    69 |   147 |       ||   216
       Ice dragon scales |       |       |       |   459 |   855 ||  1314
Dodge: Dodged            |    79 |   134 |   405 |   763 |  1206 ||  2587
Block: Other             |       |       |       |       |   141 ||   141
       Reflection        |       |       |       |       |     3 ||     3
